 Dungeon Crawl Stone Soup version 0.28.0 (webtiles) character file.

Game seed: 4310469901477751932

130 hikkokomori the Shield-Bearer (level 4, -3/41 HPs)
             Began as a Minotaur Fighter on Feb 6, 2022.
             Slain by an orc wizard (4 damage)
             ... on level 3 of the Dungeon.
             The game lasted 00:01:44 (1931 turns).

hikkokomori the Shield-Bearer (Minotaur Fighter)    Turns: 1931, Time: 00:01:44

Health: -3/41      AC:  7    Str: 22    XL:     4   Next: 89%
Magic:  3/3        EV:  9    Int:  5    God:
Gold:   70         SH:  4    Dex: 10    Spells: 3/3 levels left

rFire   . . .      SeeInvis .   a - +0 war axe
rCold   . . .      Faith    .   c - +0 buckler
rNeg    . . .      Spirit   .   b - +0 scale mail
rPois   .          Reflect  .   (helmet restricted)
rElec   .          Harm     .   (no cloak)
rCorr   .          Rampage  .   (no gloves)
Will    .....                   (no boots)
Stlth   ..........              (no amulet)
HPRegen 0.13/turn               (no ring)
MPRegen 0.08/turn               (no ring)

@: invisible
A: horns 2, retaliatory headbutt
a: no special abilities


You were on level 3 of the Dungeon.
You visited 1 branch of the dungeon, and saw 3 of its levels.

You collected 70 gold pieces.

Inventory:

Hand Weapons
 a - a +0 war axe (weapon)
Armour
 b - a +0 scale mail (worn)
 c - a +0 buckler (worn)
 m - a +0 kite shield
Scrolls
 f - 2 scrolls of vulnerability {unknown}
 g - a scroll of amnesia {unknown}
 h - 4 scrolls of identify {unknown}
 i - 3 scrolls of teleportation {unknown}
Potions
 d - a potion of might
 e - a potion of flight {unknown}
 k - 3 potions of curing {unknown}
 l - a potion of heal wounds {unknown}


   Skills:
 + Level 4.6 Fighting
 + Level 3.6 Axes
 + Level 4.6 Armour
 + Level 4.6 Shields


You had 3 spell levels left.
You didn't know any spells.
Your spell library contained the following spells:

 Spells                   Type           Power      Damage    Failure   Level
 Apportation              Tloc           0%         N/A       86%         1
 Dazzling Flash           Conj/Hex       0%         N/A       99%         3
 Iskenderun's Mystic Bla  Conj/Tloc      0%         2d3       100%        4
 Alistair's Intoxication  Tmut/Pois      0%         N/A       100%        5
 Starburst                Conj/Fire      0%         6d3       100%        6


Dungeon Overview and Level Annotations

Branches:
Dungeon (3/15)

Altars:


Innate Abilities, Weirdness & Mutations

You have a pair of horns on your head.
You reflexively headbutt those who attack you in melee.


Message History

The orc barely misses you. You furiously retaliate!
You headbutt the orc. You block the orc's attack.
Unknown command.
Okay, then.
You slash the adder! Your headbutt misses the adder.
The adder is almost dead.
You barely miss the orc. The adder closely misses you.
The orc hits you but does no damage. You block the adder's attack.
Unknown command.
You closely miss the adder.
The adder is almost dead.
You hit the orc.
You kill the orc!
The adder barely misses you. The orc hits you but does no damage.
The adder bites you but does no damage.
Unknown command.
You slash the adder!
You kill the adder!
You closely miss something. The orc barely misses you.
Something hits you but does no damage.
Deactivating autopickup; reactivate with Ctrl-A.
The orc hits you from afar with a +0 trident.
The orc closely misses you.
You barely miss the orc. You hit something.
You hear some strange, mumbled words.
A magic dart appears from out of thin air!
The magic dart hits you!
* * * LOW HITPOINT WARNING * * *
The orc hits you but does no damage. The orc hits you with a +0 club.
* * * LOW HITPOINT WARNING * * *
You slash the orc!
You kill the orc!
You miss something. Something hits you.
* * * LOW HITPOINT WARNING * * *
The orc hits you but does no damage. Something hits you but does no damage.
Unknown command.
It was a potion of invisibility.
You fade into invisibility!
The orc closely misses you. Something hits you.
You die...

.........# .........##
..........# ..
..........# ...
..=.......##...
...............
....o.o))......
#){......
##########@)......
#............!....
#................#
#............#.#.#
#............#...#
#....†.......##..###
####....††............#
#......)..............#
#............#.....>..#


You could see an orc.

Vanquished Creatures
  An orc wizard (D:3)
  4 adders
  A worm (D:2)
  2 dart slugs (D:1)
  6 orcs (D:3)
  4 bats
  3 endoplasms
  3 goblins
  6 hobgoblins
  6 kobolds
  4 quokkas
  4 ball pythons
  A frilled lizard (D:2)
  14 rats
59 creatures vanquished.

Notes
Turn   | Place    | Note
-------+----------+-------------------------------------------
     0 | D:1      | hikkokomori the Minotaur Fighter began the quest for the
                  | Orb.
     0 | D:1      | Reached XP level 1. HP: 19/19 MP: 0/0
   123 | D:1      | Reached XP level 2. HP: 26/27 MP: 1/1
   136 | D:1      | Found a faded altar of an unknown god.
   669 | D:1      | Reached XP level 3. HP: 33/33 MP: 2/2
  1232 | D:2      | Reached XP level 4. HP: 40/41 MP: 3/3
  1930 | D:3      | HP: 1/41 [something (4)]
  1931 | D:3      | Slain by an orc wizard

Illustrated notes

Levels and vault maps discovered:
D:1:      roderic_crossed_star, layout_basic, chequers_ecumenical_altar_island,
          minmay_rat_gold_closets
D:2:      layout_loops_corners
D:3:      layout_basic, serial_corexii_hall, chequers_hall_statues_corner_a,
          chequers_hall_statues_corner_a, minivault_24, corner_web_ring,
          uniq_sigmund, uniq_terence, uniq_jessica

Skill      XL: |  1  2 |
---------------+-------+-----
Fighting       | 4 |  4.6
Shields        | 4 |  4.6
Armour         | 4 |  4.6
Axes           | 3 |  3.6

Action                   |  1- 3 |  4- 6 || total
-------------------------+-------+-------++-------
Melee: War axe           |    77 |    30 ||   107
       Headbutt          |    11 |     4 ||    15
  Use: Potion            |       |     1 ||     1
Armor: Scale mail        |    41 |    22 ||    63
Dodge: Dodged            |    38 |    16 ||    54
Block: Buckler           |    15 |    11 ||    26
